 Dungeon Crawl Stone Soup version 0.30.1-9-gdf580d7c3d (webtiles) character file.

Game seed: 5151113246370087544

12490 booth the Fighter (level 11, -1/72 HPs)
             Began as a Demonspawn Gladiator on Oct 18, 2023.
             Was a Priest of Hepliaklqana.
             Slain by a troll (4 damage)
             ... on level 9 of the Dungeon.
             The game lasted 01:12:37 (10688 turns).

booth the Fighter (Demonspawn Gladiator)           Turns: 10688, Time: 01:12:37

Health: -1/72      AC: 21    Str: 16    XL:     11   Next: 63%
Magic:  9/9        EV: 15    Int: 11    God:    Hepliaklqana [***...]
Gold:   543        SH:  5    Dex: 16    Spells: 10/10 levels left

rFire   . . .        a - +4 war axe
rCold   + . .        o - +2 buckler
rNeg    . . .        s - +4 ring mail {rC+}
rPois   +            C - +2 hat {SInv}
rElec   .            n - scarf {shadows}
rCorr   .            k - +1 pair of gloves
SInv    +            b - +1 pair of boots
Will    .....        (no amulet)
Stlth   +            j - +4 ring of protection
HPRegen 0.32/turn    m - ring of poison resistance
MPRegen 0.11/turn

%: no passive effects
@: corroded, sanguine armoured
A: reduced essence, hooves 2, demonic guardian 2, sanguine armour 1,
condensation shield, frail 1, low MP 1, sturdy frame 1
a: Renounce Religion, Recall Ancestor, Ancestor Identity, Transference


You were on level 9 of the Dungeon.
You worshipped Hepliaklqana.
Hepliaklqana was most pleased with you.
You visited 2 branches of the dungeon, and saw 10 of its levels.
You also visited: Bailey.

You collected 790 gold pieces.
You spent 247 gold pieces at shops.

Inventory:

Hand Weapons
 a - a +4 war axe (weapon)
 i - a +2 flail of protection
 D - a +0 mace
Missiles
 d - 2 throwing nets
 t - 19 poisoned darts (quivered)
 O - 6 silver javelins
Armour
 b - a +1 pair of boots (worn)
 k - a +1 pair of gloves (worn)
 n - a scarf of shadows (worn)
 o - a +2 buckler (worn)
 p - a +1 helmet
 s - a +4 ring mail of cold resistance (worn)
 C - a +2 hat of see invisible (worn)
 E - a +0 cloak
Jewellery
 j - a +4 ring of protection (left hand)
 m - a ring of poison resistance (right hand)
 x - a ring of ice
 z - a +6 ring of dexterity
 I - a ring of resist corrosion
 Q - an amulet of faith
Wands
 l - a wand of digging (5)
 A - a wand of quicksilver (16)
 G - a wand of iceblast (11)
 J - a wand of charming (12)
Scrolls
 h - 5 scrolls of teleportation
 q - a scroll of blinking
 v - 2 scrolls of summoning
 w - 2 scrolls of fear
 y - a scroll of amnesia
 N - 7 scrolls of enchant weapon
 P - a scroll of poison
 R - a scroll of vulnerability {unknown}
 S - a scroll of magic mapping
 T - 3 scrolls of identify
Potions
 c - 3 potions of cancellation
 f - 5 potions of curing
 g - 3 potions of resistance
 r - 2 potions of attraction
 u - 4 potions of flight
 B - 2 potions of lignification
 F - a potion of might
 H - 4 potions of brilliance
 K - a potion of magic {unknown}
 L - a potion of haste
 M - a potion of mutation


   Skills:
 + Level 9.7 Fighting
 + Level 9.2 Axes
 + Level 8.8 Throwing
 + Level 9.1 Dodging


You had 10 spell levels left.
You didn't know any spells.
Your spell library contained the following spells:

 Spells                   Type           Power      Damage    Failure   Level
 Freeze                   Ice            0%         1d3       54%         1
 Necrotise                Necr           0%         1d4       54%         1
 Sandblast                Erth           0%         2d4       54%         1
 Passwall                 Tmut/Erth      0%         N/A       69%         2
 Scorch                   Fire           0%         2d5       69%         2
 Sublimation of Blood     Necr           0%         N/A       69%         2
 Frozen Ramparts          Ice            0%         1d1       89%         3
 Gell's Gravitas          Tloc           0%         N/A       89%         3
 Hailstorm                Conj/Ice       0%         3d3       89%         3
 Stone Arrow              Conj/Erth      0%         3d7       89%         3
 Teleport Other           Tloc           0%         N/A       89%         3
 Vampiric Draining        Necr           0%         2d6       89%         3
 Vhi's Electric Charge    Tloc/Air       0%         N/A       89%         3
 Volatile Blastmotes      Fire/Tloc      0%         2d10      89%         3
 Flame Wave               Conj/Fire      0%         2d4       100%        4
 Fulminant Prism          Conj/Hex       0%         3d5       100%        4
 Iskenderun's Mystic Bla  Conj/Tloc      0%         2d3       100%        4
 Petrify                  Tmut/Erth      0%         N/A       100%        4
 Agony                    Necr           0%         N/A       100%        5
 Arcjolt                  Conj/Air       0%         1d10      100%        5
 Irradiate                Conj/Tmut      0%         3d11      100%        5
 Lee's Rapid Deconstruct  Erth           0%         3d4*      100%        5
 Dispersal                Tloc           0%         N/A       100%        6
 Plasma Beam              Fire/Air       0%         2x1d11    100%        6
 Summon Cactus Giant      Summ           0%         N/A       100%        6


Dungeon Overview and Level Annotations

Branches:
Dungeon (9/15)             Temple (1/1) D:4             Orc (0/2) D:9
 Bailey (visited)
   Lair: D:8-11

Altars:
Ashenzari
Cheibriados
Dithmenos
Fedhas
Hepliaklqana
Kikubaaqudgha
Makhleb
Nemelex Xobeh
Okawaru
Qazlal
Ru
Sif Muna
Trog
Uskayaw
Vehumet
Xom
Yredelemnul

Shops:
D:4 [   D:5 *

Annotations:
D:9 1 runed translucent door, WaxSun's ghost, novice DENe


Innate Abilities, Weirdness & Mutations

Your life essence is reduced to manifest your ancestor. (-10% HP)
You have hoof-like feet.
A demonic guardian rushes to your aid.
When seriously injured, your blood forms armour. (AC +6)
A meltable shield of frost defends you. (SH +0)
You are frail. (-10% HP)
Your magical capacity is low. (-10% MP)
Your movements are slightly less encumbered by armour. (ER -2)


Message History

The centaur warrior hits you but does no damage.
The centaur warrior kicks you but does no damage.
The acid dragon bites you.
The acid dragon claws you but does no damage.
The acid dragon barely misses you.
The acid dragon claws you but does no damage.
You hit the centaur warrior but do no damage.
The centaur warrior is almost dead.
You hit the acid dragon but do no damage.
You hit the acid dragon.
The centaur warrior hits you but does no damage.
The centaur warrior closely misses you.
The centaur warrior completely misses you.
The centaur warrior misses you. The acid dragon bites you.
The acid dragon closely misses you.
The acid dragon bites you but does no damage.
The acid dragon claws you.
You slash the centaur warrior!
You kill the centaur warrior!
You slash the acid dragon! You completely miss the acid dragon.
The acid dragon bites you. You block the acid dragon's attack.
The acid dragon bites you but does no damage.
The acid dragon claws you but does no damage.
You slash the acid dragon!
The acid dragon is severely wounded.
You hit the acid dragon. You hit the troll. The acid dragon barely misses you.
You block the acid dragon's attack. The acid dragon misses you.
You block the acid dragon's attack. The troll completely misses you.
The troll misses you. x2
You closely miss the acid dragon.
The acid dragon is severely wounded.
You hit the acid dragon. You completely miss the troll.
The acid dragon spits acid at you. The splash of acid hits you!
* * * LOW HITPOINT WARNING * * *
The acid dragon spits acid at you. The splash of acid hits you!
* * * LOW HITPOINT WARNING * * *
A demonic guardian appears!
The troll closely misses you. The troll claws you.
You die... #.# #.#####.# ## #.# #..####.# # #.# ##.....##..K.##.##### #.# #.....((#....##...... #.# #..?..(.#.....#.##### #.# #.......##....#.# ## #.# #.oV..# #....#.####. #####.### #DDT#

###..#..##.#
#.......####@########)#..###.
#.###.###...R4........#..# #.
#.# #.# #.............#..# #.
#.# #.# #.............#..# #.
#.# #.# #.########)####..# #.
#.# #.. #..### ##.))###..# #.
#.# ### #....###.....##..# #.
#.# #....##.......#..# #. #.#
#.....#.......#..# #.


You could see the friendly Lubliana the hexer, a troll, a vampire (invisible), 2
acid dragons, an orc wizard (invisible) and a friendly orange demon (summoned).

Vanquished Creatures
  Gastronok (D:8)
  A centaur warrior (D:9)
  An orc knight (Bailey)
  Maurice (D:8)
  A slime creature (D:9)
  A shadow (D:9)
  10 yaks (D:9)
  2 steam dragons
  Duvessa (D:4)
  2 water moccasins (D:7)
  6 orc warriors
  2 ice beasts (D:6)
  An ogre (D:6)
  2 centaurs (D:7)
  2 phantoms
  2 kobold brigands
  Blork the orc (D:4)
  2 bullfrogs
  2 troll zombies (D:9)
  5 wights
  Dowan (D:4)
  10 killer bees (D:9)
  An electric eel (D:7)
  2 howler monkeys
  5 hounds
  2 jellies
  An orc priest (D:9)
  Crazy Yiuf (D:7)
  An iguana (D:5)
  Terence (D:3)
  2 orc wizards (D:9)
  A sleepcap (D:3)
  Natasha (twice) (D:3)
  3 ogre zombies (D:9)
  Robin (D:4)
  8 adders
  2 shadow imps
  2 ufetubi (D:5)
  2 worms
  3 dart slugs
  38 orcs
  7 ball pythons
  5 endoplasms
  3 giant cockroaches
  15 goblins
  18 hobgoblins
  7 jackals (D:5)
  8 quokkas
  3 bats
  10 frilled lizards
  A goblin skeleton (D:9)
  2 hobgoblin skeletons (D:9)
  A hobgoblin zombie (D:9)
  19 kobolds
  11 orc zombies (D:9)
  9 rats
  A spectral goblin (D:2)
255 creatures vanquished.

Vanquished Creatures (collateral kills)
  A boulder beetle (D:9)
  Pikel (D:4)
  An orc knight (Bailey)
  A cyclops (D:7)
  Joseph (D:8)
  An efreet (D:9)
  A wyvern (D:8)
  A yak (D:9)
  A steam dragon (D:8)
  5 orc warriors (Bailey)
  A centaur (D:9)
  A kobold brigand (D:9)
  5 bullfrogs
  A scorpion (D:6)
  3 wights (D:8)
  2 troll zombies (D:9)
  2 killer bees (D:9)
  An electric eel (D:8)
  A howler monkey (D:9)
  A jelly (D:6)
  Natasha (D:3)
  3 iguanas
  2 orc wizards
  An ogre zombie (D:9)
  11 orcs
  2 hobgoblins (D:9)
  A frilled lizard (D:5)
  A goblin skeleton (D:9)
  3 goblin zombies (D:9)
  3 hobgoblin zombies (D:9)
  2 kobolds (D:9)
  3 orc zombies (D:9)
65 creatures vanquished.

Vanquished Creatures (others)
  A lava snake (D:9)
  4 hexers (D:9)
  An ancestor (D:7)
6 creatures vanquished.

Grand Total: 326 creatures vanquished

Notes
Turn   | Place    | Note
-------+----------+-------------------------------------------
     0 | D:1      | booth the Demonspawn Gladiator began the quest for the Orb.
     0 | D:1      | Reached XP level 1. HP: 16/16 MP: 1/1
   243 | D:1      | Gained mutation: You have large cloven feet. [demonic
                  | ancestry]
   243 | D:1      | Reached XP level 2. HP: 22/22 MP: 2/2
   518 | D:1      | Gained mutation: A weak demonic guardian rushes to your
                  | aid. [demonic ancestry]
   518 | D:1      | Reached XP level 3. HP: 27/28 MP: 3/3
  1284 | D:2      | Found a faded altar of an unknown god.
  1331 | D:2      | Gained mutation: A meltable shield of frost defends you.
                  | (SH +0) [demonic ancestry]
  1331 | D:2      | Reached XP level 4. HP: 23/34 MP: 4/4
  1658 | D:2      | Gained mutation: Your magical capacity is low. (-10% MP)
                  | [potion of mutation]
  1658 | D:2      | Gained mutation: You are frail. (-10% HP) [potion of
                  | mutation]
  1658 | D:2      | Gained mutation: Your movements are slightly less
                  | encumbered by armour. (ER -2) [potion of mutation]
  2079 | D:3      | Noticed Natasha
  2089 | D:3      | Killed Natasha
  2090 | D:3      | Gained mutation: When seriously injured, your blood forms
                  | armour. (AC +6) [demonic ancestry]
  2090 | D:3      | Reached XP level 5. HP: 12/36 MP: 4/4
  2463 | D:3      | Noticed Terence
  2472 | D:3      | Killed Terence
  2526 | D:3      | Noticed Natasha
  2534 | D:3      | Killed Natasha
  2574 | D:3      | Noticed Natasha
  2586 | D:3      | Killed Natasha
  2587 | D:3      | Reached XP level 6. HP: 39/42 MP: 5/5
  2809 | D:4      | Noticed Dowan
  2818 | D:4      | Noticed Duvessa
  2843 | D:4      | Killed Dowan
  2846 | D:4      | Killed Duvessa
  2952 | D:4      | Noticed Pikel
  2971 | D:4      | Killed Pikel
  2972 | D:4      | Gained mutation: A demonic guardian rushes to your aid.
                  | [demonic ancestry]
  2972 | D:4      | Reached XP level 7. HP: 32/49 MP: 6/6
  3099 | D:4      | Identified the +4 barding of Xyman {Int+5}
  3242 | D:4      | Noticed Robin
  3250 | D:4      | Killed Robin
  3443 | D:4      | Noticed Blork the orc
  3455 | D:4      | Killed Blork the orc
  3456 | D:4      | Reached skill level 5 in Fighting
  3456 | D:4      | Reached skill level 5 in Axes
  3456 | D:4      | Reached skill level 5 in Dodging
  3456 | D:4      | Reached XP level 8. HP: 52/55 MP: 7/7
  3475 | D:4      | Found a staircase to the Ecumenical Temple.
  3509 | Temple   | Entered the Ecumenical Temple
  3510 | Temple   | Found a transporter.
  3510 | Temple   | Found a transporter.
  3512 | Temple   | Found a transporter.
  3512 | Temple   | Found a transporter.
  3559 | Temple   | Became a worshipper of Hepliaklqana the Forgotten
  3864 | D:4      | Found Hadad's Dragon-Slaying Spoils.
  3966 | D:5      | Entered Level 5 of the Dungeon
  4545 | D:5      | Found Otyarod's Assorted Antiques.
  4556 | D:5      | Bought a scroll of identify for 52 gold pieces
  4556 | D:5      | Bought a scroll of enchant weapon for 195 gold pieces
  4892 | D:5      | Reached * piety under Hepliaklqana
  5158 | D:6      | Reached skill level 5 in Throwing
  5559 | D:6      | Reached XP level 9. HP: 55/55 MP: 8/8
  5932 | D:6      | Found a hide-covered altar of Uskayaw.
  5994 | D:6      | Identified a scroll of acquirement
  5994 | D:6      | Acquired a ring of resist corrosion
  6114 | D:7      | Reached ** piety under Hepliaklqana
  6254 | D:7      | Remembered your ancestor Lubliana as a hexer
  6540 | D:7      | Found a runed translucent door.
  6541 | D:7      | Noticed Crazy Yiuf
  6577 | D:7      | Noticed a cyclops
  6584 | D:7      | Killed a cyclops
  7225 | D:7      | Killed Crazy Yiuf
  7315 | D:8      | Noticed Gastronok
  7320 | D:8      | Noticed Maurice
  7337 | D:8      | Killed Gastronok
  7338 | D:8      | Gained mutation: You have hoof-like feet. [demonic
                  | ancestry]
  7338 | D:8      | Reached XP level 10. HP: 55/64 MP: 9/9
  7338 | D:8      | Killed Maurice
  7505 | D:8      | Noticed Joseph
  7516 | D:8      | Killed Joseph
  8187 | D:9      | Found a flagged portal.
  8210 | Bailey   | Entered a bailey
  8376 | Bailey   | Noticed an orc knight
  8377 | Bailey   | Noticed an orc knight
  8423 | Bailey   | Killed an orc knight
  8620 | Bailey   | Killed an orc knight
  8784 | Bailey   | Reached XP level 11. HP: 41/69 MP: 9/9
  8936 | D:9      | Reached *** piety under Hepliaklqana
  9192 | D:9      | Found a staircase to the Orcish Mines.
  9805 | D:9      | Noticed a boulder beetle
  9856 | D:9      | Killed a boulder beetle
 10040 | D:9      | Found a runed translucent door.
 10059 | D:9      | Noticed WaxSun's ghost (novice DENe)
 10059 | D:9      | Noticed a centaur warrior
 10188 | D:9      | Identified the +1 sling "Ydduolay" {drain, Dex+3}
 10670 | D:9      | Noticed a centaur warrior
 10686 | D:9      | Killed a centaur warrior
 10688 | D:9      | HP: 3/72 [acid dragon/splash of acid (16)]
 10688 | D:9      | Slain by a troll

Illustrated notes

Levels and vault maps discovered:
D:1:      kennysheep_arrival_seaside, layout_basic, dreamdust_wishing_well,
          hangedman_decor_clover_reticule, hangedman_decor_opposing,
          serial_bayou_lagoon_a
D:2:      layout_basic, dreamdust_ecumenical_altar_drowned_temple
D:3:      layout_rooms, uniq_terence, uniq_natasha
D:4:      layout_loops_cross, minmay_temple_entry_junction_2,
          nicolae_shop_dragon_depot, nicolae_concentric_dashed_squares_mild,
          minmay_misc_feat_plants, uniq_blork_the_orc, uniq_robin, uniq_pikel,
          uniq_duvessa
D:5:      layout_gridville, serial_shops, shop_fountains, minmay_lizard_king
D:6:      layout_basic, mainiacjoe_overflow_alcove_1, grunt_ministairs_14
D:7:      layout_basic, minivault_25, minmay_crystal_water,
          uniq_crazy_yiuf_cottage
D:8:      layout_rooms, minivault_19, nicolae_water_bricks, uniq_maurice,
          uniq_joseph, uniq_gastronok
D:9:      minmay_opposing_rooms, layout_loops_ring, zombieorc2_lemuel,
          ebering_ghost_inner_flame, enter_bailey_4, minivault_24,
          kennysheep_diamond
Temple:   hellmonk_temple_divided_pantheon

Skill      XL: |  1  2  3  4  5  6  7  8  9 10 11 |
---------------+----------------------------------+-----
Throwing       | 2 3 4 5 7 8 |  8.8
Axes           | 3 4 5 6 7 8 9 |  9.2
Dodging        | 3 4 5 6 7 8 9 |  9.1
Fighting       | 3 4 5 6 7 8 9 |  9.7

Action                     |  1- 3 |  4- 6 |  7- 9 | 10-12 || total
---------------------------+-------+-------+-------+-------++-------
  Melee: War axe           |   121 |   143 |   290 |   293 ||   847
         Kick              |    18 |    26 |       |       ||    44
         Punch             |     1 |     3 |     2 |     2 ||     8
  Throw: Dart              |       |     2 |     3 |    19 ||    24
         Javelin           |       |     1 |     2 |    25 ||    28
         Boomerang         |       |       |    29 |    10 ||    39
         Throwing net      |       |       |       |     1 ||     1
 Invoke: Ancestor Identity |       |       |     1 |       ||     1
         Ancestor Life: He |       |       |     1 |       ||     1
    Use: Scroll            |     3 |     2 |    10 |     9 ||    24
         Potion            |       |     2 |     8 |     2 ||    12
   Stab: Sleeping          |     1 |       |       |       ||     1
         Distracted        |       |     1 |     1 |     9 ||    11
         Confused          |       |       |       |     2 ||     2
 Armour: Leather armour    |    33 |    25 |       |       ||    58
         Ring mail         |       |    36 |   104 |   132 ||   272
  Dodge: Dodged            |    94 |   100 |   207 |   223 ||   624
  Block: Other             |       |    29 |    45 |     5 ||    79
         Buckler           |       |       |       |   134 ||   134
